Map: [ESL] Hecate

Players

Clem - Winner!

  • Race: Terran Terran
  • Spawn Location: 1:00

Stats

  • Race: Protoss Protoss
  • Spawn Location: 7:00

Event: IEM Katowice 2024

VOD

Have the link to the VOD?

Description

Time

  • Played on: Feb. 8, 2024, 8:49 a.m.
  • Length: 4:13

All games in this series

Show
View Real Time Build Order
Export as new Build Order

Clem Terran - Winner!

Build Orders: Cyclone Opening 

Get SALT Encoding   

  12  0:00  SCV  
  13  0:12  SCV  
  14  0:17  Supply Depot  
  14  0:24  SCV  
  14  0:27  Refinery  
  15  0:38  SCV  
  16  0:43  Barracks  
  16  0:50  SCV  
  17  1:02  SCV  
  18  1:15  SCV  
  19  1:18  Engineering Bay  
  19  1:30  Orbital Command, Marine  
  20  1:37  Factory  
  20  1:46  Supply Depot  
  20  1:49  Barracks Reactor  
  20  1:56  SCV  
  21  2:07  Bunker  
  21  2:08  SCV  
  22  2:20  SCV  
  23  2:28  Cyclone x2  
  23  2:29  Supply Depot  
  27  2:32  SCV  
  28  2:45  Command Center  
  28  2:48  SCV  
  29  3:00  SCV  
  29  3:01  Cyclone  
  29  3:03  Cyclone  
  33  3:09  Refinery  
  33  3:11  Barracks Tech Lab  
  33  3:13  SCV  
  33  3:19  Supply Depot  
  34  3:25  SCV  
  35  3:30  Barracks  
  35  3:36  Cyclone  
  35  3:40  SCV  
  40  3:49  Marine  
  40  3:52  SCV  
  42  4:03  Barracks  
Show
View Real Time Build Order
Export as new Build Order

Stats Protoss 

Build Orders: Oracle Opening 

Get SALT Encoding   

  12  0:00  Probe  
  13  0:12  Probe  
  14  0:18  Pylon  
  14  0:24  Probe (Chrono Boost)  
  15  0:36  Probe (Chrono Boost)  
  15  0:37  Gateway  
  16  0:45  Assimilator, Probe (Chrono Boost)  
  17  0:51  Probe  
  18  1:03  Probe  
  19  1:15  Probe  
  20  1:24  Cybernetics Core  
  20  1:32  Probe  
  21  1:34  Pylon  
  23  1:47  Nexus  
  23  1:52  Assimilator  
  23  1:54  Probe  
  23  1:58  Adept (Chrono Boost)  
  24  2:06  Probe  
  25  2:18  Probe, Adept (Chrono Boost)  
  28  2:30  Stargate, Probe  
  28  2:37  Pylon  
  29  2:41  Adept  
  31  2:55  Probe  
  31  2:57  Shield Battery  
  32  3:01  Shield Battery  
  32  3:04  Gateway  
  32  3:07  Probe  
  32  3:10  Stalker (Chrono Boost)  
  33  3:19  Shield Battery  
  33  3:21  Oracle (Chrono Boost)  
  36  3:27  Probe  
  36  3:29  Probe  
  38  3:39  Stalker  
  40  3:47  Probe x2  

Tags
 
Add a new tag
Caveats
  • Supply blocks, unpowered buildings, or Contaminate may cause inaccurate times.
  • Supply counts are checked every 10 seconds.